 Dungeon Crawl Stone Soup version 0.29-a0-320-g9f8742066b (webtiles) character file.

Game seed: 6424355372406153686

6810 Rohain the Grappler (level 10, -19/106 HPs)
             Began as a Troll Monk on Apr 2, 2022.
             Demolished by a tentacled starspawn (33 damage)
             ... on level 1 of the Abyss.
             The game lasted 00:13:36 (7158 turns).

Rohain the Grappler (Troll Monk)                    Turns: 7158, Time: 00:13:36

Health: -19/106    AC:  8    Str: 25    XL:     10   Next: 77%
Magic:  9/9        EV: 25    Int:  9    God:
Gold:   454        SH:  0    Dex: 12    Spells: 9/9 levels left

rFire   . . .      SeeInvis .     - Unarmed
rCold   . . .      Faith    .   (no shield)
rNeg    . . .      Spirit   .   p - +1 robe of Impish Leaves {Rampage Int+3}
rPois   +          Reflect  .   (helmet restricted)
rElec   .          Harm     .   y - +2 cloak {rPois}
rCorr   +          Rampage  +   (gloves unavailable)
Will    .....                   (boots unavailable)
Stlth   ++........              q - amulet of the acrobat
HPRegen 1.07/turn               i - ring of resist corrosion
MPRegen 0.11/turn               (no ring)

@: acrobatic
A: large, unfitting armour, claws 3, regeneration 1, shaggy fur 1, tough skin 1
a: no special abilities


You were on level 1 of the Abyss.
You visited 2 branches of the dungeon, and saw 10 of its levels.
You visited the Abyss 1 time.
You also visited: Ossuary.

You collected 454 gold pieces.

Inventory:

Missiles
 w - 6 curare-tipped darts (quivered)
Armour
 a - a +1 robe
 m - a +0 cloak
 p - the +1 robe of Impish Leaves (worn) {Rampage Int+3}
   (You found it on level 4 of the Dungeon)

   Int:       It affects your intelligence (+3).
   Rampage:   It bestows one free step when moving towards enemies.
 y - a +2 cloak of poison resistance (worn)
 A - a +0 troll leather armour
Jewellery
 e - an amulet of guardian spirit
 i - a ring of resist corrosion (left claw)
 q - an amulet of the acrobat (around neck)
Wands
 r - a wand of polymorph (9)
 x - a wand of digging (4)
Scrolls
 g - 4 scrolls of fog
 h - 2 scrolls of vulnerability
 j - 4 scrolls of fear
 s - a scroll of magic mapping
 u - 3 scrolls of identify
 v - a scroll of blinking
 B - a scroll of enchant armour
Potions
 b - 4 potions of ambrosia
 c - 10 potions of curing
 d - 2 potions of heal wounds
 f - 3 potions of degeneration
 k - 5 potions of haste
 l - 3 potions of attraction
 n - 3 potions of flight
 o - 2 potions of mutation
 t - a potion of brilliance {unknown}
 z - 2 potions of magic {unknown}
 C - a potion of might {unknown}


   Skills:
 + Level 8.5 Fighting
 - Level 2.4 Dodging
 - Level 1.0 Stealth
 * Level 13.7 Unarmed Combat


You had 9 spell levels left.
You didn't know any spells.
Your spell library contained the following spells:

 Spells                   Type           Power      Damage    Failure   Level
 Sandblast                Erth           0%         2d4       38%         1
 Slow                     Hex            0%         N/A       38%         1
 Passwall                 Tmut/Erth      0%         N/A       52%         2
 Scorch                   Fire           0%         2d5       52%         2
 Confusing Touch          Hex            0%         N/A       77%         3
 Stone Arrow              Conj/Erth      0%         3d7       77%         3
 Vampiric Draining        Necr           0%         2d6       77%         3
 Animate Armour           Summ/Erth      0%         N/A       99%         4
 Flame Wave               Conj/Fire      0%         2d4       99%         4
 Blade Hands              Tmut           0%         N/A       100%        5
 Iron Shot                Conj/Erth      0%         9d1       100%        6
 Summon Cactus Giant      Summ           0%         N/A       100%        6


Dungeon Overview and Level Annotations

Branches:
Dungeon (9/15)             Temple (1/1) D:4         Ossuary (visited)
   Lair: D:8-11         Orc: D:9-12

Altars:
Cheibriados
Dithmenos
Elyvilon
Gozag
Kikubaaqudgha
Makhleb
Nemelex Xobeh
Okawaru
Qazlal
Sif Muna
Trog
Uskayaw
Vehumet
Wu Jian
Xom
Yredelemnul
Zin
The Shining One

Annotations:
D:3 1 runed translucent door, Crazy Yiuf
D:9 Erolcha


Innate Abilities, Weirdness & Mutations

You are too large for most types of armour.
You have claws for hands.
Your natural rate of healing is unusually fast.
You are covered in fur. (AC +1)
You have tough skin. (AC +1)


Message History

The small abomination attacks as you move away!
The small abomination hits you!
The small abomination closely misses you.
The small abomination attacks as you move away!
The small abomination hits you!
A small abomination comes into view.
You rampage towards the small abomination!
The small abomination barely misses you.
The small abomination completely misses you.
The small abomination hits you.
The small abomination attacks as you move away!
The small abomination hits you!! The small abomination misses you.
A ynoxinul comes into view.
The small abomination attacks as you move away!
The small abomination hits you!
The small abomination barely misses you.
The small abomination attacks as you move away!
The small abomination closely misses you.
The small abomination attacks as you move away!
The small abomination hits you!
The small abomination hits you but does no damage.
The small abomination completely misses you.
The ynoxinul gestures.
The small abomination attacks as you move away!
The small abomination misses you.
A tentacled starspawn comes into view.
The small abomination attacks as you move away!
The small abomination misses you.
The small abomination attacks as you move away!
The small abomination barely misses you.
The small abomination hits you!
The tentacled starspawn closely misses you.
The tentacled starspawn completely misses you.
The small abomination attacks as you move away!
The small abomination hits you! The tentacled starspawn bites you!!
* * * LOW HITPOINT WARNING * * *
The tentacled starspawn barely misses you.
The tentacled starspawn attacks as you move away!
The tentacled starspawn bites you!!
You die...

.# . #. #..
#.##
...########
#.#X#.#. ##
#@x5.#.#.##
## .
###..3.##5#
#...#
####.##3#
..# .#
.#.#x . #.3
. # 5.#..
#. ##.3#..#
##. .# .#.#
#
#.......D.
### #.#.#
## ....


You could see a tentacled starspawn, a ynoxinul, a small abomination and an
ufetubus (summoned).

Vanquished Creatures
  Pikel (D:8)
  Maurice (D:8)
  A smoke demon (Abyss:1)
  A troll (D:8)
  A hornet (D:8)
  Grinder (D:6)
  Sigmund (D:5)
  A vampire (D:9)
  3 wyverns
  2 wraiths (Ossuary)
  Edmund (D:6)
  4 orc warriors
  Duvessa (D:5)
  4 sky beasts
  A small abomination (Abyss:1)
  2 ice beasts
  4 black bears
  4 ogres
  6 centaurs
  A phantom (D:5)
  Blork the orc (D:6)
  A bullfrog (D:8)
  2 kobold brigands (D:8)
  4 scorpions
  A necrophage (D:5)
  5 wights
  Dowan (D:5)
  6 killer bees
  2 jellies
  A gnoll shaman (D:6)
  3 orc priests
  3 hounds
  Ijyb (D:4)
  2 iguanas (D:4)
  Natasha (thrice) (D:3)
  5 orc wizards
  Robin (D:3)
  A mummy (D:4)
  7 gnolls
  9 adders
  4 shadow imps
  A white imp (D:5)
  2 ufetubi
  3 adder zombies (Ossuary)
  2 worms
  2 dart slugs
  22 orcs
  4 ball pythons
  3 bats
  5 endoplasms
  22 goblins
  9 hobgoblins
  3 jackals (D:4)
  13 kobolds
  2 quokkas
  2 ball python skeletons (Ossuary)
  5 frilled lizards
  3 kobold zombies
  An orc skeleton (Ossuary)
  2 orc zombies
  3 rats
213 creatures vanquished.

Notes
Turn   | Place    | Note
-------+----------+-------------------------------------------
     0 | D:1      | Rohain the Troll Monk began the quest for the Orb.
     0 | D:1      | Reached XP level 1. HP: 22/22 MP: 0/0
   213 | D:1      | Reached XP level 2. HP: 19/29 MP: 1/1
   884 | D:2      | Reached XP level 3. HP: 36/36 MP: 2/2
  1074 | D:2      | Reached skill level 4 in Unarmed Combat
  1316 | D:2      | Reached XP level 4. HP: 35/45 MP: 1/3
  1572 | D:3      | Noticed Natasha
  1581 | D:3      | Killed Natasha
  1596 | D:3      | Noticed Natasha
  1599 | D:3      | Killed Natasha
  1600 | D:3      | Reached skill level 5 in Unarmed Combat
  1600 | D:3      | Reached XP level 5. HP: 53/53 MP: 4/4
  1779 | D:3      | Noticed Natasha
  1784 | D:3      | Killed Natasha
  1801 | D:3      | Noticed Robin
  1832 | D:3      | Killed Robin
  2130 | D:3      | Found a runed translucent door.
  2131 | D:3      | Noticed Crazy Yiuf
  2310 | D:4      | Reached skill level 6 in Unarmed Combat
  2310 | D:4      | Reached XP level 6. HP: 53/62 MP: 2/5
  2332 | D:4      | Found a sand-covered staircase.
  2338 | Ossuary  | Entered an ossuary
  2447 | Ossuary  | Noticed a flying skull
  2447 | Ossuary  | Noticed a wraith
  2458 | Ossuary  | Noticed a flying skull
  2460 | Ossuary  | Noticed a flying skull
  2490 | Ossuary  | Noticed a flying skull
  2507 | Ossuary  | Noticed a wraith
  2510 | Ossuary  | Killed a wraith
  2511 | Ossuary  | Reached XP level 7. HP: 71/71 MP: 4/6
  2551 | Ossuary  | Reached skill level 7 in Unarmed Combat
  2582 | Ossuary  | Noticed a flying skull
  2586 | Ossuary  | Noticed a wraith
  2597 | Ossuary  | Killed a wraith
  2814 | D:4      | Found a staircase to the Ecumenical Temple.
  2840 | Temple   | Entered the Ecumenical Temple
  3078 | D:5      | Entered Level 5 of the Dungeon
  3100 | D:5      | Noticed Sigmund
  3102 | D:5      | Reached skill level 5 in Fighting
  3102 | D:5      | Reached skill level 8 in Unarmed Combat
  3106 | D:5      | Killed Sigmund
  3107 | D:5      | Reached XP level 8. HP: 24/80 MP: 7/7
  3142 | D:5      | Reached skill level 9 in Unarmed Combat
  3281 | D:4      | Identified the +1 robe of Impish Leaves {Rampage Int+3}
  3396 | D:4      | Noticed Ijyb
  3401 | D:4      | Killed Ijyb
  3777 | D:5      | Noticed Duvessa
  3778 | D:5      | Noticed Dowan
  3787 | D:5      | Killed Duvessa
  3788 | D:5      | Reached skill level 10 in Unarmed Combat
  3789 | D:5      | Killed Dowan
  3796 | D:5      | Reached XP level 9. HP: 84/89 MP: 8/8
  4303 | D:6      | Noticed Edmund
  4316 | D:6      | Killed Edmund
  4321 | D:6      | Reached skill level 11 in Unarmed Combat
  4460 | D:6      | Noticed Blork the orc
  4463 | D:6      | Noticed Grinder
  4467 | D:6      | Killed Blork the orc
  4477 | D:6      | Killed Grinder
  5105 | D:7      | Reached skill level 12 in Unarmed Combat
  5147 | D:7      | Found a burning altar of Makhleb.
  5546 | D:8      | Noticed Maurice
  5556 | D:8      | Killed Maurice
  5557 | D:8      | Reached XP level 10. HP: 91/102 MP: 9/9
  5575 | D:8      | Found a shadowy altar of Dithmenos.
  5649 | D:8      | Noticed Pikel
  5664 | D:8      | Killed Pikel
  5836 | D:8      | Reached skill level 13 in Unarmed Combat
  6726 | D:9      | Noticed an angel
  6726 | D:9      | Found a glowing silver altar of Zin.
  6726 | D:9      | Found a shimmering altar of Xom.
  6801 | D:9      | Found a bloodstained altar of Trog.
  6931 | D:9      | Noticed Erolcha
  6942 | D:9      | Cast into level 1 of the Abyss (Erolcha)
  7009 | Abyss:1  | Noticed a smoke demon
  7033 | Abyss:1  | Killed a smoke demon
  7045 | Abyss:1  | Found an opulent altar of Gozag.
  7087 | Abyss:1  | Noticed a bone dragon
  7101 | Abyss:1  | Noticed a wretched star
  7106 | Abyss:1  | Noticed a bone dragon
  7130 | Abyss:1  | Noticed a smoke demon
  7152 | Abyss:1  | Noticed a tentacled starspawn
  7158 | Abyss:1  | Demolished by a tentacled starspawn

Illustrated notes

Levels and vault maps discovered:
D:1:      wheals_arrival_shading, layout_rooms
D:2:      layout_loops_corners
D:3:      layout_basic, kennysheep_generic_room_13, uniq_robin,
          uniq_crazy_yiuf_cottage, uniq_natasha
D:4:      kennysheep_goblin_castle, layout_basic,
          minmay_temple_entry_large_hall, nicolae_ossuary_entry_giza
D:5:      layout_rooms, uniq_sigmund, uniq_duvessa
D:6:      layout_basic, chequers_serial_rivers_marsh, uniq_edmund,
          uniq_blork_the_orc, uniq_grinder
D:7:      layout_rooms, lightli_temple_of_fire, kennysheep_generic_room_4
D:8:      layout_loops_corners, nicolae_dithmenos_the_darkroom, minmay_between,
          uniq_maurice, uniq_pikel
D:9:      layout_cross, grunt_temple_overflow_order_and_chaos_1,
          trog_three_pillars_becter, gammafunk_ghost_nasty_kobolds,
          uniq_erolcha, uniq_psyche
Temple:   dshaligram_water_room_temple
Abyss:1:  base: D:3, evilmike_abyss_exit_16

Skill      XL: |  1  2  3  4  5  6  7  8  9 10 |
---------------+-------------------------------+-----
Unarmed Combat | 4 5 6 8 10 12 13 | 13.7
Fighting       | 3 4 5 6 7 8 |  8.5
Dodging        | |  2.4
Stealth        | |  1.0

Action                   |  1- 3 |  4- 6 |  7- 9 | 10-12 || total
-------------------------+-------+-------+-------+-------++-------
Melee: Unarmed           |    57 |   106 |   269 |   131 ||   563
       Punch             |       |     4 |     7 |    10 ||    21
Evoke: Wand              |       |       |     5 |       ||     5
  Use: Scroll            |     1 |     5 |     9 |       ||    15
 Stab: Sleeping          |     5 |     5 |     3 |     1 ||    14
       Distracted        |       |       |       |     1 ||     1
Armor: Robe              |    15 |    31 |    64 |    76 ||   186
Dodge: Dodged            |    25 |    58 |   140 |   125 ||   348

Table legend: (Time is in decaauts)
 A = Elapsed time spent in this place.
 B = Non-inter-level travel time spent in this place.
 C = Inter-level travel time spent in this place.
 D = Time resting spent in this place.
 E = Time spent auto-exploring this place.
 F = Levels seen in this place.
 G = Mean time per level.
                   A        B        C        D        E       F      G
               +--------+--------+--------+--------+--------+-----+--------+
         Total |   7089 |   6896 |    193 |    405 |   4646 |  12 |  590.8 |
       Dungeon |   6330 |   6160 |    170 |    354 |   4330 |   9 |  703.3 |
        Temple |    132 |    109 |     23 |      0 |    100 |   1 |  132.0 |
         Abyss |    214 |    214 |      0 |      0 |      0 |   1 |  214.0 |
       Ossuary |    410 |    410 |      0 |     51 |    215 |   1 |  410.0 |
               +--------+--------+--------+--------+--------+-----+--------+

Top non-repeatable levels by time:
     D:8: 1279 daAuts
     D:2: 990 daAuts
     D:6: 840 daAuts
     D:4: 801 daAuts
     D:3: 800 daAuts
     D:7: 534 daAuts
     D:5: 533 daAuts
     D:1: 456 daAuts
 Ossuary: 410 daAuts
 Abyss:1: 214 daAuts
  Temple: 132 daAuts
     D:9: 94 daAuts
